 Seeded DCSS version 0.28.0-45-g0d030f2227 (webtiles) character file.

Game seed: 14447413411792647702 (custom seed)

39 zeratav the Chopper (level 3, -1/31 HPs)
             Began as a Hill Orc Fighter on Apr 21, 2022.
             Slain by an iguana (8 damage)
             ... on level 3 of the Dungeon.
             The game lasted 00:01:30 (1812 turns).

zeratav the Chopper (Hill Orc Fighter)              Turns: 1812, Time: 00:01:31

Health: -1/31      AC:  6    Str: 20    XL:     3   Next: 47%
Magic:  3/3        EV:  9    Int:  8    God:
Gold:   68         SH:  4    Dex: 10    Spells: 2/2 levels left

rFire   . . .      SeeInvis .   a - +1 war axe (chaos) {axe}
rCold   . . .      Faith    .   c - +0 buckler
rNeg    . . .      Spirit   .   b - +0 scale mail
rPois   .          Reflect  .   (no helmet)
rElec   .          Harm     .   (no cloak)
rCorr   .          Rampage  .   (no gloves)
Will    .....                   (no boots)
Stlth   ..........              (no amulet)
HPRegen 0.10/turn               (no ring)
MPRegen 0.08/turn               (no ring)

@: no status effects
A: no striking features
a: no special abilities


You were on level 3 of the Dungeon.
You visited 1 branch of the dungeon, and saw 3 of its levels.

You collected 68 gold pieces.


   Skills:
 - Level 3.6 Fighting
 + Level 5.0 Axes
 - Level 3.2 Armour
 - Level 3.2 Shields


You had 2 spell levels left.
You didn't know any spells.
Your spell library contained the following spells:

 Spells                   Type           Power      Damage    Failure   Level
 Foxfire                  Conj/Fire      0%         2x1d4     85%         1

Inventory:

Hand Weapons
 a - a +1 war axe of chaos (weapon) {axe}
Armour
 b - a +0 scale mail (worn)
 c - a +0 buckler (worn)
Jewellery
 g - a ring of positive energy
   (You found it on level 1 of the Dungeon)
Scrolls
 e - a scroll of blinking {unknown}
 i - a scroll of teleportation {unknown}
 j - a scroll of vulnerability {unknown}
Potions
 d - 2 potions of might
 f - a potion of resistance {unknown}
 h - a potion of brilliance {unknown}

Dungeon Overview and Level Annotations

Branches:
Dungeon (3/15)

Altars:

+.........#
..######.##.#
#.......>#.####
#.########....#
######..#.#####
##......>......#
..............#.
###.#######.#.#
#. ...#@#
#.#..#l# #
#..#.# #..#.#
...#.# ##.#..
###


You could see an iguana (agile).


Message History

You hit the bat. You freeze the bat.
You kill the bat!
Your Axes skill increases to level 5!
No target in view!
No target in view!
No target in view!
No target in view!
No target in view!
No target in view!
You see here a bat corpse.
You see here 23 arrows.
You see here 23 arrows.
You open the door.
A worm comes into view.
Found a stone staircase leading up.
HP[+1]
Your hp is fully restored (31).
A worm is nearby!
There is an open door here.
You completely miss the worm. The worm bites you.
HP[-6]
You take 6 damage, and now have 25/31 hp.
You hit the worm. You freeze the worm. The worm misses you.
You barely miss the worm. You slash the worm!
The worm resists with significant effort.
The worm bites you.
You slash the worm! You burn the worm.
You kill the worm!
No target in view!
No target in view!
No target in view!
No target in view!
No target in view!
No target in view!
No target in view!
No target in view!
No target in view!
No target in view!
No target in view!
No target in view!
No target in view!
No target in view!
No target in view!
No target in view!
No target in view!
There is an open door here.
Done exploring.
HP[+6]
Your hp is fully restored (31).
Done exploring.
Done exploring.
(D) Dungeon
Where to? (Enter - D:2, ? - help)
There is a stone staircase leading down here.
You climb downwards.
Found a stone staircase leading down.
There is a stone staircase leading up here.
Found an escape hatch in the floor.
An iguana comes into view.
The iguana hisses angrily.
The iguana bites you!
HP[-11]
You take 11 damage, and now have 20/31 hp.
MASSIVE DAMAGE!! (PAUSE)
You are too injured to fight recklessly!
You are too injured to fight recklessly!
You are too injured to fight recklessly!
You are too injured to fight recklessly!
You are too injured to fight recklessly!
You are too injured to fight recklessly!
You are too injured to fight recklessly!
You are too injured to fight recklessly!
You are too injured to fight recklessly!
You are too injured to fight recklessly!
You are too injured to fight recklessly!
You are too injured to fight recklessly!
You are too injured to fight recklessly!
You are too injured to fight recklessly!
You are too injured to fight recklessly!
You are too injured to fight recklessly!
You are too injured to fight recklessly!
You are too injured to fight recklessly!
You closely miss the iguana. The iguana bites you!
* * * LOW HITPOINT WARNING * * *
HP[-8]
You take 8 damage, and now have 12/31 hp.
MASSIVE DAMAGE!! (PAUSE)
You slash the iguana!
The iguana seems to slow down.
You freeze the iguana. The iguana bites you.
* * * LOW HITPOINT WARNING * * *
You hit the iguana.
The iguana suddenly seems more agile.
The iguana closely misses you.
HP[-6]
You take 6 damage, and now have 6/31 hp.
You hit the iguana but do no damage.
The iguana is no longer moving slowly.
The iguana misses you.
You closely miss the iguana. The iguana barely misses you.
You hit the iguana but do no damage. The iguana bites you!
You die...

Skill      XL: |  1  2  3 |
---------------+----------+-----
Axes           | 3 4 5 |  5.0
Fighting       | |  3.6
Armour         | |  3.2
Shields        | |  3.2

Action                   || total
-------------------------++-------
Melee: War axe           ||    58
  Use: Scroll            ||     2
Armor: Scale mail        ||    20
Dodge: Dodged            ||    21
Block: Buckler           ||     6

Levels and vault maps discovered:
D:1:      dpeg_arrival_houses_and_road, layout_loops_ring, minmay_tromino_v4_a
D:2:      layout_loops_corners, shapermc_ecumenical_altar_rom_forum, st_stairs_8
D:3:      layout_basic, amcnicky_altar_gilded

Notes
Turn   | Place    | Note
-------+----------+-------------------------------------------
     0 | D:1      | zeratav the Hill Orc Fighter began the quest for the Orb.
     0 | D:1      | Reached XP level 1. HP: 19/19 MP: 1/1
     0 | D:1      | magus.rc [v1.9.6]
    52 | D:1      | Reached skill level 3 in Axes
   247 | D:1      | Reached XP level 2. HP: 26/26 MP: 2/2
   422 | D:1      | Reached skill level 4 in Axes
  1074 | D:2      | Found a faded altar of an unknown god.
  1079 | D:2      | Got Plato's Collected Works on Fire
  1217 | D:2      | Reached XP level 3. HP: 26/31 MP: 3/3
  1539 | D:2      | Reached skill level 5 in Axes
  1808 | D:3      | HP: 6/31 [iguana (6)]
  1812 | D:3      | Slain by an iguana

Vanquished Creatures
  An adder (D:2)
  A worm (D:2)
  2 dart slugs
  4 endoplasms
  A giant cockroach (D:2)
  2 hobgoblins (D:1)
  A quokka (D:1)
  4 ball pythons
  4 bats
  2 goblins
  A kobold (D:1)
  A rat (D:1)
24 creatures vanquished.

Vanquished Creatures (others)
  3 fungi (D:2)
3 creatures vanquished.

Grand Total: 27 creatures vanquished

Table legend:
 A = Non-vault XP
 B = Vault XP
 C = Vault XP percentage of total XP
 D = Non-vault monster count
 E = Vault monster count
 F = Vault count percentage of total count
                 A         B        C        D         E       F
            +---------+---------+-------+---------+---------+-------
      Total |      36 |      21 |  36.8 |      20 |       4 |  16.7
            +---------+---------+-------+---------+---------+-------
        D:1 |      20 |       4 |  16.7 |      12 |       2 |  14.3
        D:2 |      16 |      17 |  51.5 |       8 |       2 |  20.0
            +---------+---------+-------+---------+---------+-------

Illustrated notes

Table legend:
 A = Kills in this place as a percentage of kills in entire the game.
 B = Kills by you in this place as a percentage of kills by you in the entire game.
 C = Kills by friends in this place as a percentage of kills by friends in the entire game.
 D = Other kills in this place as a percentage of other kills in the entire game.
 E = Experience gained in this place as a percentage of experience gained in the entire game.
 F = Experience gained in this place divided by the number of levels of this place that you have seen.
                   A       B       C       D       E      F
               +-------+-------+-------+-------+-------+----------------------
         Total | 100.0 | 100.0 |   N/A |   N/A | 100.0 |  19.0
       Dungeon | 100.0 | 100.0 |   N/A |   N/A | 100.0 |  19.0
               +-------+-------+-------+-------+-------+----------------------

Table legend: (Time is in decaauts)
 A = Elapsed time spent in this place.
 B = Non-inter-level travel time spent in this place.
 C = Inter-level travel time spent in this place.
 D = Time resting spent in this place.
 E = Time spent auto-exploring this place.
 F = Levels seen in this place.
 G = Mean time per level.
                   A        B        C        D        E       F      G
               +--------+--------+--------+--------+--------+-----+--------+
         Total |   1831 |   1759 |     72 |      0 |   1598 |   3 |  610.3 |
       Dungeon |   1831 |   1759 |     72 |      0 |   1598 |   3 |  610.3 |
               +--------+--------+--------+--------+--------+-----+--------+

Top non-repeatable levels by time:
     D:2: 905 daAuts
     D:1: 893 daAuts
     D:3: 32 daAuts
